[Event "Titled Tuesday Blitz April 11 Early 2023"]
[White "Kvaloy, Aksel Bu"]
[Black "Jumanov, Elbek"]
[WhiteFideId "1528815"]
[BlackFideId "14202905"]
[WhiteElo "2208"]
[BlackElo "2055"]
[Result "1-0"]
[Round "04"]
[TimeControl "180+2"]
[Date "2023.04.11"]
[WhiteClock "0:00:49"]
[BlackClock "0:00:05"]

1. e4 c5 2. Nf3 e6 3. d4 cxd4 4. Nxd4 Nf6 5. Nc3 d6 6. g4 h6 7. h4 Nc6 8. Rg1 h5 9. g5 Ng4 10. Be2 Qb6 11. Bxg4 Qxd4 12. Be3 Qb4 13. Be2 Qxb2 14. Nb5 Kd7 15. Bc5 Qe5 16. Be3 a6 17. Na3 Qc3+ 18. Qd2 Qxa1+ 19. Bd1 d5 20. Nc4 Bb4 21. Nb6+ Ke7 22. Qxb4+ Nxb4 23. Bc5+ Kd8 24. Bxb4 Qd4 25. Ba5 Qxe4+ 26. Be2 Rb8 27. f3 Qd4 28. Rg3 Ke7 29. f4 Qxf4 30. Rb3 Bd7 31. Bb4+ Kd8 32. c4 Bc6 33. cxd5 Bxd5 34. Rc3 Qxh4+ 35. Kd2 Qxg5+ 36. Kc2 h4 37. Bd6 h3 38. Bxb8 Ke7 39. Bh2 Qf5+ 40. Kd2 Qg5+ 41. Kc2 Qg2 42. Rc7+ Kf6 43. Nd7+ Kg6 44. Ne5+ Kh6 45. Nxf7+ Kh7 46. Kd1 Qxh2 47. Bd3+ g6 48. Ne5+ Kh6 49. Ng4+ Kg5 50. Nxh2 Kf4 51. Ke2 Kg3 52. Nf1+ Kg2 53. Rg7 h2 54. Rxg6+ Kh3 55. Ng3 h1=Q 56. Nxh1 Bxh1 57. Rxe6 Bc6 58. Rg6 Re8+ 59. Kf2 Rf8+ 60. Ke3 Re8+ 61. Kf4 Rf8+ 62. Bf5+ Kh2 63. Rg5 Bd7 64. a4 Bxf5 65. Rxf5 Kg2 66. Rxf8 1-0


[Site "https://www.chess.com"]

[Event "Titled Tuesday Blitz April 11 Early 2023"]
[White "Bochnicka, Vladimir"]
[Black "Mamedov, Edgar"]
[WhiteFideId "14943450"]
[BlackFideId "13739980"]
[WhiteElo "2094"]
[BlackElo "2330"]
[Result "1-0"]
[Round "04"]
[TimeControl "180+2"]
[Date "2023.04.11"]
[WhiteClock "0:00:04"]
[BlackClock "0:00:01"]

1. e4 c6 2. d4 d5 3. e5 c5 4. dxc5 Nc6 5. Nf3 e6 6. a3 Bxc5 7. b4 Bb6 8. Bb2 f6 9. Nbd2 fxe5 10. Nxe5 Nf6 11. Bd3 O-O 12. O-O a5 13. b5 Nxe5 14. Bxe5 Bd7 15. c4 Be8 16. Rc1 a4 17. c5 Bc7 18. Nf3 Bh5 19. Re1 Ng4 20. Bxc7 Qxc7 21. h3 Nxf2 22. Bxh7+ Kxh7 23. Qc2+ Ne4 24. Ng5+ Kg8 25. Rxe4 dxe4 26. Qxe4 g6 27. Nxe6 Rae8 28. Qc4 Qf7 29. Nxf8 Qxc4 30. Rxc4 Kxf8 31. Rxa4 Be2 32. Rf4+ Kg7 33. a4 Rc8 34. Re4 Bd1 35. c6 bxc6 36. b6 Bc2 37. Rd4 Rb8 38. a5 c5 39. Rd7+ Kf6 40. Rc7 Be4 41. Rxc5 Bb7 42. Kf2 Ke6 43. Rc7 Kd6 44. Rg7 Be4 45. Ke3 Bf5 46. g4 Bc2 47. h4 Kc6 48. Kf4 Kb5 49. Ra7 Rf8+ 50. Kg5 Rg8 51. b7 Rb8 52. h5 Kc6 53. Ra8 Rxb7 54. Rc8+ Kd7 55. Rxc2 gxh5 56. Kxh5 Rb5+ 57. g5 Rxa5 58. Re2 Kd6 59. Kg6 Ra6 60. Kf7 Ra7+ 61. Kf6 Kd7 62. g6 Ra6+ 63. Kf7 Ra1 64. g7 Rf1+ 65. Kg8 Rf4 66. Kh7 Rh4+ 67. Kg8 Rg4 68. Re5 Kd6 69. Re8 Kd7 70. Re3 Kd6 71. Kf8 Rf4+ 72. Ke8 Rg4 73. Kf7 Rf4+ 74. Kg6 Rg4+ 75. Kf6 Kd7 76. Re7+ Kd8 77. Re5 Kd7 78. Rg5 Rf4+ 79. Rf5 Rg4 80. Rg5 Rf4+ 81. Kg6 1-0


[Site "https://www.chess.com"]

[Event "Titled Tuesday Blitz April 11 Early 2023"]
[White "Leyva Rivera, Yunier"]
[Black "Papp, Levente"]
[WhiteFideId "3505065"]
[BlackFideId "751243"]
[WhiteElo "2430"]
[BlackElo "2380"]
[Result "0-1"]
[Round "04"]
[TimeControl "180+2"]
[Date "2023.04.11"]
[WhiteClock "0:00:03"]
[BlackClock "0:00:06"]

1. d4 Nf6 2. Nf3 b6 3. g3 Bb7 4. Bg2 g6 5. O-O Bg7 6. b3 O-O 7. Bb2 c5 8. c4 cxd4 9. Qxd4 d5 10. cxd5 Qxd5 11. Nc3 Qh5 12. Qh4 Qxh4 13. Nxh4 Bxg2 14. Kxg2 Nc6 15. Rac1 Rac8 16. Rfd1 Ne4 17. Nxe4 Bxb2 18. Rc2 Ba3 19. Rd7 f5 20. Ng5 Rf6 21. Ngf3 Bc5 22. e3 a5 23. a4 Kf7 24. h3 Ke8 25. Rd1 Rd8 26. Rxd8+ Kxd8 27. g4 e5 28. gxf5 gxf5 29. Rd2+ Ke7 30. Kf1 e4 31. Ne1 Ke6 32. Neg2 Rh6 33. Nf4+ Kf6 34. Nhg2 Ne5 35. Rd8 Nf3 36. Rc8 Kf7 37. Rc7+ Ke8 38. Ke2 Rd6 39. Rxh7 Rd2+ 40. Kf1 Rd1+ 41. Ke2 Rd2+ 42. Kf1 Bd6 43. Rh6 Kd7 44. Rh7+ Kc6 45. Rh6 Kc5 46. h4 Kb4 47. h5 Kxb3 48. Re6 Kxa4 49. h6 Bb4 50. h7 Rd1+ 51. Ke2 Rh1 52. Rxb6 Rxh7 53. Nd5 Rd7 54. Ngf4 Kb3 55. Kf1 Nd2+ 56. Kg2 Nc4 57. Rb5 Rg7+ 58. Kh3 Ne5 59. Kh4 Rg4+ 60. Kh5 Nf3 61. Kh6 Rg1 62. Rb6 Rc1 63. Kg6 Rc4 64. Kxf5 a4 65. Nxb4 Rxb4 66. Rxb4+ Kxb4 67. Kxe4 a3 68. Nd5+ Kb3 69. Kxf3 a2 70. Ke4 a1=Q 71. f3 Kc4 72. Nf4 Qf6 73. Ne2 Kc5 74. f4 Qe6+ 75. Kf3 Qd5+ 76. Kf2 Kc4 77. Ng3 Kd3 78. e4 Qd4+ 79. Kf3 Qg7 80. Nf5 Qg1 81. Ng3 Qd1+ 82. Kf2 Kd4 83. Kg2 Qg4 84. f5 Ke3 85. f6 Kf4 86. Kf1 Qxg3 87. f7 Qf3+ 88. Ke1 Ke3 0-1


[Site "https://www.chess.com"]

[Event "Titled Tuesday Blitz April 11 Early 2023"]
[White "Megalios, Konstantinos"]
[Black "Gil Alba, Hector Luis"]
[WhiteFideId "4238044"]
[BlackFideId "3504670"]
[WhiteElo "2277"]
[BlackElo "2331"]
[Result "1-0"]
[Round "04"]
[TimeControl "180+2"]
[Date "2023.04.11"]
[WhiteClock "0:01:36"]
[BlackClock "0:01:51"]

1. e4 e5 2. Nf3 Nc6 3. Bb5 Bc5 4. c3 Nge7 5. O-O Bb6 6. d4 exd4 7. cxd4 d5 8. exd5 Nxd5 9. Bg5 f6 10. Re1+ Kf7 11. Bh4 Rf8 12. Nc3 Nxc3 13. bxc3 Kg8 14. Nd2 Kh8 15. Bd3 Ne5 16. Rxe5 1-0


[Site "https://www.chess.com"]

[Event "Titled Tuesday Blitz April 11 Early 2023"]
[White "Avazkhonov, Alikhon"]
[Black "Darini, Pouria"]
[WhiteFideId "14208504"]
[BlackFideId "12502200"]
[WhiteElo "1739"]
[BlackElo "2482"]
[Result "0-1"]
[Round "04"]
[TimeControl "180+2"]
[Date "2023.04.11"]
[WhiteClock "0:00:25"]
[BlackClock "0:01:43"]

1. e4 c5 2. Nc3 Nc6 3. g3 g6 4. Bg2 Bg7 5. d3 Rb8 6. f4 b5 7. Nf3 b4 8. Ne2 e6 9. O-O Nge7 10. c3 O-O 11. Be3 d6 12. d4 Ba6 13. Re1 bxc3 14. bxc3 cxd4 15. Nexd4 Qc7 16. Nxc6 Nxc6 17. Nd4 Na5 18. Rc1 Rb2 19. Rc2 Rxc2 20. Qxc2 Rc8 21. Rc1 Nc4 22. Bf2 e5 23. fxe5 Nxe5 24. Qa4 Bc4 25. Nb5 Qc6 26. Bf1 a6 0-1


[Site "https://www.chess.com"]

[Event "Titled Tuesday Blitz April 11 Early 2023"]
[White "Marcziter, Dmitrii"]
[Black "Danielyan, Vahe"]
[WhiteFideId "13900765"]
[BlackFideId "13304828"]
[WhiteElo "2162"]
[BlackElo "2423"]
[Result "1-0"]
[Round "04"]
[TimeControl "180+2"]
[Date "2023.04.11"]
[WhiteClock "0:00:25"]
[BlackClock "0:00:03"]

1. d4 Nf6 2. c4 g6 3. Nf3 Bg7 4. g3 b6 5. Bg2 Bb7 6. O-O O-O 7. Nc3 Ne4 8. Nxe4 Bxe4 9. b3 c5 10. Bb2 Nc6 11. e3 d5 12. Ne5 Nxe5 13. Bxe4 Nxc4 14. bxc4 dxe4 15. Qd2 cxd4 16. exd4 Rc8 17. Rac1 Qd7 18. Rfe1 f5 19. d5 e5 20. f3 exf3 21. Bxe5 Rfe8 22. Qd4 Bf8 23. d6 Rxe5 24. Qxe5 Qxd6 25. Qxd6 Bxd6 26. Kf2 Ba3 27. Rc2 Bc5+ 28. Kxf3 Rd8 29. Rce2 Kf7 30. h4 Rd3+ 31. Kg2 Rc3 32. Rd2 Rxc4 33. Rd7+ Kf6 34. Rxa7 Rc2+ 35. Kh1 Rc3 36. Kg2 Rc2+ 37. Kh3 Rc3 38. Rf1 Bd6 39. Rg1 f4 40. Rxh7 fxg3 41. Rf1+ Ke6 42. Rg7 Rc2 43. Rxg6+ Ke7 44. Re1+ Kd7 45. Rd1 Rh2+ 46. Kg4 g2 47. Rgxd6+ Ke7 48. Kg3 Rh1 49. Kxg2 Rxh4 50. R6d4 Rh6 51. Re1+ Kf7 52. Rf4+ Kg6 53. Re3 Kg5 54. Rf1 Rc6 55. Rg3+ 1-0


[Site "https://www.chess.com"]

[Event "Titled Tuesday Blitz April 11 Early 2023"]
[White "Zarubitski, Viachaslau"]
[Black "Liew, Chee-Meng Jimmy"]
[WhiteFideId "13509373"]
[BlackFideId "5700019"]
[WhiteElo "2284"]
[BlackElo "2245"]
[Result "1-0"]
[Round "04"]
[TimeControl "180+2"]
[Date "2023.04.11"]
[WhiteClock "0:01:46"]
[BlackClock "0:01:45"]

1. e4 e6 2. d3 d5 3. Nd2 c5 4. Ngf3 Nc6 5. g3 Nf6 6. Bg2 Be7 7. O-O O-O 8. Re1 b5 9. e5 Nd7 10. Nf1 a5 11. h4 Ba6 12. Bf4 b4 13. h5 h6 14. N1h2 Qb6 15. Qd2 Rfc8 16. Bxh6 gxh6 17. Qxh6 Qd8 18. Ng4 Qf8 19. Qf4 Nd4 20. Nh6+ Kg7 21. Ng5 f6 22. Nxe6+ Nxe6 23. Qg4+ Kxh6 24. Qg6# 1-0


[Site "https://www.chess.com"]

[Event "Titled Tuesday Blitz April 11 Early 2023"]
[White "Williams, Simon K"]
[Black "Arat, Ufuk Sezen"]
[WhiteFideId "404454"]
[BlackFideId "6309089"]
[WhiteElo "2468"]
[BlackElo "2289"]
[Result "0-1"]
[Round "04"]
[TimeControl "180+2"]
[Date "2023.04.11"]
[WhiteClock "0:00:01"]
[BlackClock "0:00:21"]

1. d4 Nf6 2. Bg5 Ne4 3. h4 c5 4. d5 Qb6 5. Nd2 Nxg5 6. hxg5 Qxb2 7. g6 fxg6 8. e3 Na6 9. Bd3 Nb4 10. Be4 Qf6 11. a3 Na6 12. Ne2 d6 13. Nf4 g5 14. Ng6 Rg8 15. Rxh7 Bf5 16. Bxf5 Qxf5 17. Nxf8 Rxf8 18. Qh5+ g6 19. Qe2 Qxd5 20. Rb1 Nc7 21. e4 Qc6 22. e5 dxe5 23. Qxe5 O-O-O 24. Rxe7 Rfe8 25. Kd1 Rxe7 26. Qxe7 Qxg2 27. c3 Qxf2 28. Qe2 Qf5 29. Kc1 Re8 30. Qd1 Nd5 31. Qh1 Qe5 32. Rb5 Qxc3+ 33. Kb1 Qd3+ 0-1


[Site "https://www.chess.com"]

[Event "Titled Tuesday Blitz April 11 Early 2023"]
[White "Ruiz Aguilar, Pablo Alexander"]
[Black "Veiga, Jose Francisco R P Neves"]
[WhiteFideId "4401352"]
[BlackFideId "1930087"]
[WhiteElo "2138"]
[BlackElo "2320"]
[Result "0-1"]
[Round "04"]
[TimeControl "180+2"]
[Date "2023.04.11"]
[WhiteClock "0:00:07"]
[BlackClock "0:01:52"]

1. e4 Nc6 2. Nf3 e5 3. Bb5 Nge7 4. O-O g6 5. Re1 Bg7 6. c3 O-O 7. d4 exd4 8. cxd4 d5 9. e5 Bg4 10. Be3 f6 11. Bxc6 Nxc6 12. exf6 Qxf6 13. Nc3 Bxf3 14. Qxf3 Qxf3 15. gxf3 Rxf3 16. Nxd5 Rf7 17. Rad1 Rd8 18. Nc3 Bxd4 19. Bxd4 Rxd4 20. Re8+ Kg7 21. Rxd4 Nxd4 22. Ne4 Rf4 23. h3 Kf7 24. Rc8 Rxe4 25. Rxc7+ Re7 26. Rc4 Rd7 27. Kg2 Ke6 28. Rc8 Kf5 29. Rf8+ Ke4 30. Re8+ Kd3 31. Re3+ Kc2 32. b4 Nf5 33. Re4 Rd4 34. Re2+ Kd3 35. Rb2 Kc3 36. Rb3+ Kc4 37. b5 Rd3 38. Rb1 Rd2 39. a4 Ra2 40. b6 Rxa4 41. bxa7 Rxa7 42. Rc1+ Kd5 43. Rc7 h5 44. Rf7 Ke6 45. Rf8 Nd6 46. Rg8 Kf6 47. Rd8 Ke7 48. Rg8 Kf6 49. Rd8 Ra6 50. Rd7 b5 51. Rd8 Rb6 52. Ra8 b4 53. Ra2 b3 54. Rb2 Nc4 55. Rb1 b2 56. Kf3 Nd2+ 57. Ke3 Nxb1 58. Ke4 Na3 59. Kd5 b1=Q 60. Kc5 Qb4+ 61. Kd5 Rd6# 0-1


[Site "https://www.chess.com"]

[Event "Titled Tuesday Blitz April 11 Early 2023"]
[White "Piesik, Piotr"]
[Black "Novikova, Galina"]
[WhiteFideId "1136194"]
[BlackFideId "4157095"]
[WhiteElo "2299"]
[BlackElo "1953"]
[Result "1-0"]
[Round "04"]
[TimeControl "180+2"]
[Date "2023.04.11"]
[WhiteClock "0:02:34"]
[BlackClock "0:01:07"]

1. Nf3 e6 2. g3 f5 3. Bg2 Nf6 4. O-O Be7 5. d4 d6 6. Nbd2 O-O 7. c3 Nc6 8. Qc2 e5 9. e4 fxe4 10. Nxe4 Nxe4 11. Qxe4 exd4 12. Nxd4 Nxd4 13. Qxd4 Bf6 14. Qc4+ Kh8 15. Be3 c6 16. Rad1 d5 17. Qb3 Bg4 18. Rd2 Qc8 19. Bd4 Bxd4 20. Rxd4 Rb8 21. Qa4 a6 22. Rxg4 b5 23. Qd4 c5 24. Qxg7# 1-0


[Site "https://www.chess.com"]

[Event "Titled Tuesday Blitz April 11 Early 2023"]
[White "Biriukov, Ilja"]
[Black "Leiva, Gianmarco"]
[WhiteFideId "4113373"]
[BlackFideId "3804399"]
[WhiteElo "2426"]
[BlackElo "2345"]
[Result "0-1"]
[Round "04"]
[TimeControl "180+2"]
[Date "2023.04.11"]
[WhiteClock "0:00:02"]
[BlackClock "0:00:49"]

1. d4 Nf6 2. Nc3 d5 3. Bf4 c5 4. e3 cxd4 5. exd4 Bg4 6. f3 Bd7 7. Nb5 Qa5+ 8. Nc3 e6 9. a3 Qb6 10. Rb1 Bd6 11. Nh3 O-O 12. Be2 Bxf4 13. Nxf4 Nc6 14. Bb5 Nxd4 15. Bxd7 Nxd7 16. Na4 Qa5+ 17. c3 Nf5 18. b4 Qc7 19. Qd2 Ne5 20. Nb2 a5 21. O-O axb4 22. axb4 Ra2 23. Nfd3 Nc4 24. Qc1 Rc8 25. Nxc4 Qxc4 26. Nc5 Qe2 27. Qg5 h6 28. Qg4 Ne3 0-1


[Site "https://www.chess.com"]

[Event "Titled Tuesday Blitz April 11 Early 2023"]
[White "La Villa Rivas, Marlon Javier"]
[Black "Kucuksari, Kaan"]
[WhiteFideId "3519546"]
[BlackFideId "6380166"]
[WhiteElo "2135"]
[BlackElo "2364"]
[Result "1-0"]
[Round "04"]
[TimeControl "180+2"]
[Date "2023.04.11"]
[WhiteClock "0:00:15"]
[BlackClock "0:00:02"]

1. e4 e5 2. Nf3 Nc6 3. Bb5 a6 4. Ba4 Nf6 5. d3 Be7 6. Bxc6 dxc6 7. Nxe5 O-O 8. O-O Re8 9. Nc3 Be6 10. h3 Qc8 11. f4 Rd8 12. Qf3 Bd7 13. Be3 Be8 14. Ng4 Nxg4 15. hxg4 c5 16. f5 Bc6 17. g5 Bf8 18. g6 f6 19. gxh7+ Kh8 20. Ne2 Bd6 21. Bf4 c4 22. Bxd6 Rxd6 23. Nf4 Be8 24. dxc4 Bf7 25. b3 Qe8 26. Rad1 Rad8 27. Rxd6 Rxd6 28. Qg4 Kxh7 29. Rf3 Kg8 30. Rh3 Qe5 31. c3 Rd7 32. Rg3 Be8 33. Ne6 g5 34. fxg6 Re7 35. Nf4 Qxe4 36. Qh4 Rd7 37. Qxf6 Rd1+ 38. Kh2 Rd7 39. Rh3 Rg7 40. Ne6 1-0


[Site "https://www.chess.com"]

[Event "Titled Tuesday Blitz April 11 Early 2023"]
[White "ilya2700"]
[Black "Ambartsumova, Karina"]
[BlackFideId "4166299"]
[WhiteElo "2269"]
[BlackElo "2240"]
[Result "1-0"]
[Round "04"]
[TimeControl "180+2"]
[Date "2023.04.11"]
[WhiteClock "0:00:22"]
[BlackClock "0:00:03"]

1. d4 Nf6 2. c4 g6 3. Nc3 Bg7 4. e4 O-O 5. f4 d6 6. Nf3 c5 7. d5 e6 8. Be2 exd5 9. cxd5 Re8 10. Nd2 a6 11. a4 Nbd7 12. O-O Rb8 13. Kh1 Qc7 14. Qb3 h5 15. h3 h4 16. Bf3 Nf8 17. Nc4 Bd7 18. e5 dxe5 19. d6 Qc8 20. fxe5 b5 21. axb5 axb5 22. exf6 bxc4 23. Qxc4 Rb4 24. Qa2 Be6 25. Nd5 Bh8 26. Qa7 Bxd5 27. Bxd5 Ne6 28. d7 Qd8 29. dxe8=Q+ Qxe8 30. Qe7 Rb8 31. Bxe6 Qxe7 32. fxe7 fxe6 33. Bh6 1-0


[Site "https://www.chess.com"]

[Event "Titled Tuesday Blitz April 11 Early 2023"]
[White "Barwinska, Ewa"]
[Black "Keymer, Vincent"]
[WhiteFideId "21833761"]
[BlackFideId "12940690"]
[WhiteElo "1908"]
[BlackElo "2651"]
[Result "0-1"]
[Round "04"]
[TimeControl "180+2"]
[Date "2023.04.11"]
[WhiteClock "0:00:08"]
[BlackClock "0:01:03"]

1. e4 c6 2. d4 d5 3. Nc3 dxe4 4. Nxe4 Nf6 5. Nxf6+ exf6 6. c3 Bd6 7. Bd3 O-O 8. Qc2 Re8+ 9. Ne2 h5 10. Be3 Nd7 11. O-O-O b5 12. Ng3 Nb6 13. Rde1 Be6 14. Nxh5 Nc4 15. Bf4 Bf8 16. Ng3 Qa5 17. Bxc4 bxc4 18. Kb1 Rad8 19. Re3 c5 20. Rd1 cxd4 21. Rxd4 g5 22. Rxe6 Rxe6 23. Be3 Rxd4 24. cxd4 Rb6 25. Ne4 Ba3 26. Bc1 Qe1 27. Nc3 Rxb2+ 28. Qxb2 Bxb2 29. Kxb2 Qxf2+ 0-1


[Site "https://www.chess.com"]

[Event "Titled Tuesday Blitz April 11 Early 2023"]
[White "Bacallao Alonso, Yusnel"]
[Black "Leenhouts, Koen"]
[WhiteFideId "3507416"]
[BlackFideId "1008439"]
[WhiteElo "2561"]
[BlackElo "2409"]
[Result "1-0"]
[Round "04"]
[TimeControl "180+2"]
[Date "2023.04.11"]
[WhiteClock "0:00:28"]
[BlackClock "0:00:10"]

1. d4 Nf6 2. Nf3 c5 3. c3 cxd4 4. cxd4 g6 5. Nc3 d5 6. Bf4 a6 7. e3 Bg7 8. h3 Nc6 9. Bd3 O-O 10. Rc1 Bd7 11. O-O Rc8 12. a3 b5 13. Nd2 Na5 14. Nb3 Nc4 15. Qe2 Qb6 16. Rfd1 Rfd8 17. Bh2 Be8 18. Nc5 e6 19. a4 Nd7 20. b3 Nxc5 21. dxc5 Qxc5 22. bxc4 dxc4 23. Bb1 Rxd1+ 24. Qxd1 Bxc3 25. Rxc3 b4 26. Rc1 c3 27. Bc2 e5 28. Bb3 Bc6 29. Qd3 a5 30. Rd1 Kg7 31. Bg3 h5 32. Bh4 Rc7 33. Qd8 c2 34. Bf6+ 1-0


[Site "https://www.chess.com"]

[Event "Titled Tuesday Blitz April 11 Early 2023"]
[White "Yuan, Qingyu"]
[Black "Hajiyev, Kanan"]
[WhiteFideId "8609772"]
[BlackFideId "13404148"]
[WhiteElo "2359"]
[BlackElo "2103"]
[Result "1-0"]
[Round "04"]
[TimeControl "180+2"]
[Date "2023.04.11"]
[WhiteClock "0:00:04"]
[BlackClock "0:00:05"]

1. e4 c6 2. d4 d5 3. exd5 cxd5 4. Bd3 Nc6 5. c3 Qc7 6. h3 Nf6 7. Nf3 g6 8. O-O Bg7 9. Re1 O-O 10. Be3 Bf5 11. Bf1 Ne4 12. Nbd2 Nxd2 13. Qxd2 Rfe8 14. Bf4 Qd7 15. Bb5 a6 16. Bxc6 Qxc6 17. Ne5 Qb5 18. Re2 h5 19. Rae1 a5 20. Bh6 Bf6 21. Qf4 Bd3 22. Re3 Be4 23. R1e2 a4 24. g4 hxg4 25. hxg4 Rf8 26. f3 Bb1 27. Rh2 Bxe5 28. Qxe5 f6 29. Qxe7 Rf7 30. Qe6 Bxa2 31. Bf4 a3 32. bxa3 Qb1+ 33. Kg2 g5 34. Bd6 Qg6 35. Qf5 Qxf5 36. gxf5 Rd8 37. Bb4 Bc4 38. Re6 Kg7 39. Kg3 b5 40. f4 Rh8 41. fxg5 fxg5 42. Rg6# 1-0


[Site "https://www.chess.com"]

[Event "Titled Tuesday Blitz April 11 Early 2023"]
[White "Manukian, Artak"]
[Black "Khoroshev, Nikita"]
[WhiteFideId "13301373"]
[BlackFideId "14200287"]
[WhiteElo "2130"]
[BlackElo "2354"]
[Result "0-1"]
[Round "04"]
[TimeControl "180+2"]
[Date "2023.04.11"]
[WhiteClock "0:00:03"]
[BlackClock "0:00:13"]

1. e4 e5 2. Nf3 Nc6 3. d4 exd4 4. Nxd4 Qf6 5. Nxc6 Bc5 6. Qf3 Qxf3 7. gxf3 bxc6 8. Nc3 Ne7 9. Bc4 d6 10. Be3 Bxe3 11. fxe3 Rb8 12. O-O-O Be6 13. Bd3 O-O 14. h4 f5 15. f4 fxe4 16. Bxe4 Rbe8 17. Rde1 c5 18. h5 Nf5 19. Bxf5 Bxf5 20. e4 Bd7 21. f5 Bc6 22. Kd2 Re5 23. Rhg1 Kf7 24. Rg4 Kf6 25. Reg1 Rf7 26. Kd3 Rfe7 27. b3 a6 28. a4 Bb7 29. R1g3 c6 30. Rg1 d5 31. exd5 cxd5 32. a5 Rxf5 33. Na4 d4 34. h6 g6 35. Kd2 Bf3 36. R4g3 Re2+ 37. Kc1 Be4 38. c4 Ra2 39. Kd1 Rff2 40. Ke1 Rae2+ 41. Kd1 Bc2+ 42. Kc1 d3 43. Nxc5 d2+ 44. Kxc2 Re1 45. Ne4+ Rxe4 46. Rd1 Rd4 47. Rd3 Rxd3 48. Kxd3 Rh2 49. Rxd2 Rxh6 50. c5 g5 51. Kc4 Ke5 52. Rd5+ Kf4 53. Rd6 Rh1 54. c6 g4 55. Kc5 Rc1+ 56. Kb6 g3 57. Rd7 h5 58. Rf7+ Kg4 59. c7 g2 60. Kxa6 Kh3 61. Rg7 Rxc7 62. Rxc7 g1=Q 63. b4 h4 64. b5 Qf1 65. Kb6 Qf6+ 66. Rc6 Qd4+ 67. Kb7 Qd5 68. b6 Qxa5 69. Kc7 Kg4 70. Kd6 h3 71. b7 Qb4+ 72. Kc7 Qe7+ 73. Kc8 Qe8+ 74. Kc7 h2 75. b8=Q Qxb8+ 76. Kxb8 h1=Q 77. Kc7 Kf5 78. Rc5+ Ke6 79. Rc6+ Kd5 80. Rd6+ Kc5 81. Re6 Qh7+ 82. Kd8 Kd5 83. Re7 Qg8+ 84. Kd7 Qg4+ 85. Kd8 Kd6 0-1


[Site "https://www.chess.com"]

[Event "Titled Tuesday Blitz April 11 Early 2023"]
[White "HSH1987"]
[Black "Devaev, Alexander"]
[BlackFideId "4169395"]
[WhiteElo "2686"]
[BlackElo "2204"]
[Result "0-1"]
[Round "04"]
[TimeControl "180+2"]
[Date "2023.04.11"]
[WhiteClock "0:00:16"]
[BlackClock "0:00:31"]

1. e4 c6 2. d4 d5 3. exd5 cxd5 4. c3 Nc6 5. Bd3 Qc7 6. Ne2 Bg4 7. f3 Bh5 8. Bf4 Qd7 9. Nd2 Bg6 10. Nb3 e6 11. O-O Nf6 12. a4 Be7 13. a5 O-O 14. Bg3 Bxd3 15. Qxd3 Rac8 16. Nf4 Bd6 17. Rfe1 Rfe8 18. Qd2 Qc7 19. Ne2 e5 20. dxe5 Nxe5 21. Bxe5 Bxe5 22. g3 h5 23. Nbd4 h4 24. Kg2 Qd7 25. Rad1 Bc7 26. Qg5 h3+ 27. Kh1 Nh7 28. Qd2 Bxa5 29. Nf4 Bc7 30. Nd3 Rxe1+ 31. Rxe1 Re8 32. Nc5 Rxe1+ 33. Qxe1 Qc8 34. Qe7 Nf6 35. Nb5 Bb6 36. Nd3 Qc4 37. Nd6 Qxd3 38. Qxf7+ Kh7 0-1


[Site "https://www.chess.com"]

[Event "Titled Tuesday Blitz April 11 Early 2023"]
[White "Maxfan2008"]
[Black "Garcia Pantoja, Roberto"]
[BlackFideId "3509265"]
[WhiteElo "2464"]
[BlackElo "2542"]
[Result "1/2-1/2"]
[Round "04"]
[TimeControl "180+2"]
[Date "2023.04.11"]
[WhiteClock "0:00:11"]
[BlackClock "0:00:17"]

1. d4 Nf6 2. c4 e6 3. Nc3 d5 4. cxd5 exd5 5. Bg5 Be7 6. e3 O-O 7. Bd3 c6 8. Qc2 Nbd7 9. h3 Re8 10. Nf3 Nf8 11. Bf4 Ng6 12. Bh2 Bd6 13. Bxd6 Qxd6 14. O-O-O Qe7 15. Kb1 Ne4 16. Bxe4 dxe4 17. Nd2 f5 18. Rdg1 Kh8 19. g4 Nh4 20. Rg3 Rf8 21. Rhg1 fxg4 22. Ncxe4 gxh3 23. Ng5 Bf5 24. e4 Bg6 25. Rxh3 Rxf2 26. Rxh4 Qb4 27. Nxh7 Kg8 28. Rxg6 Rxd2 29. Qb3+ Qxb3 30. axb3 Rxd4 31. Ng5 Re8 32. Rf4 Rd7 33. Rg4 Rde7 34. Kc2 a5 35. Kd3 Rd7+ 36. Kc4 Re5 37. Ne6 b5+ 38. Kc3 Kh8 39. b4 axb4+ 40. Kxb4 Re7 41. Nxg7 Rxe4+ 42. Rxe4 Rxe4+ 43. Kc5 Rc4+ 44. Kb6 b4 45. Rg2 b3 46. Ne6 Rc2 47. Rg1 Rxb2 48. Kxc6 Rc2+ 49. Kb5 b2 50. Rh1+ Kg8 51. Rg1+ Kf7 52. Rb1 Kxe6 53. Kb4 Rc1 54. Rxb2 Rc7 55. Kb3 Kd6 56. Rd2+ Ke5 57. Rc2 Rb7+ 58. Kc3 Kd5 59. Rd2+ Kc5 60. Rh2 Rg7 61. Rh5+ Kd6 62. Rh6+ Ke5 63. Rh3 Ke4 64. Rd3 Kf5 65. Rf3+ Ke6 66. Re3+ Kd5 67. Rd3+ Ke4 68. Rd4+ Ke5 69. Ra4 Rc7+ 70. Kd2 Rh7 71. Ra5+ Kd4 72. Ra4+ Kc5 73. Ra5+ Kc4 74. Ra4+ Kb3 75. Rg4 Rh2+ 76. Ke3 Rh1 77. Rg3 Rb1 78. Kd4+ Kb4 79. Rg8 Rd1+ 80. Ke3 Kc5 81. Rc8+ Kb6 82. Rb8+ Kc7 83. Rb2 Rh1 84. Rc2+ Kd6 85. Rd2+ Ke5 86. Rf2 Rh3+ 87. Rf3 Rh4 88. Rg3 Ra4 89. Rg8 Ra3+ 90. Kd2 Kd4 91. Rg4+ Ke5 92. Rg8 Ra2+ 93. Kc3 Ra3+ 94. Kb4 Rh3 95. Re8+ Kd6 96. Rd8+ Kc7 97. Rd4 Rh6 98. Rc4+ Kb7 99. Rg4 Kb6 100. Rf4 Rg6 101. Re4 Rf6 102. Rd4 Rc6 103. Re4 Rg6 104. Rf4 1/2-1/2


[Site "https://www.chess.com"]

[Event "Titled Tuesday Blitz April 11 Early 2023"]
[White "Tregubov, Pavel V."]
[Black "Sandro970"]
[WhiteFideId "4115341"]
[WhiteElo "2425"]
[BlackElo "2461"]
[Result "1-0"]
[Round "04"]
[TimeControl "180+2"]
[Date "2023.04.11"]
[WhiteClock "0:00:06"]
[BlackClock "0:00:05"]

1. e4 c5 2. Nf3 Nc6 3. Bb5 g6 4. O-O Bg7 5. c3 d5 6. e5 e6 7. d4 Bd7 8. Bxc6 Bxc6 9. dxc5 a5 10. Re1 a4 11. Nbd2 Qa5 12. b4 axb3 13. Nxb3 Qc7 14. Bf4 Ne7 15. Qd2 O-O 16. Bh6 Nf5 17. Bxg7 Kxg7 18. g4 Nh6 19. h3 d4 20. Nfxd4 Bd5 21. Rac1 Ra4 22. Re3 Rfa8 23. Rc2 Ng8 24. Nb5 Qc6 25. Nd6 Bxb3 26. axb3 Ra1+ 27. Rc1 Qxc5 28. b4 Qd5 29. Qe1 Ne7 30. Rxa1 Rxa1 31. Qxa1 Nc6 32. c4 Qd2 33. Rf3 Nd4 34. Rxf7+ Kh6 35. Kg2 Nc2 36. Ne4 Ne3+ 37. Kf3 Qd1+ 38. Qxd1 Nxd1 39. g5+ Kh5 40. Rxh7# 1-0


[Site "https://www.chess.com"]

[Event "Titled Tuesday Blitz April 11 Early 2023"]
[White "Sowul, Bartosz"]
[Black "Krysa, Leandro"]
[WhiteFideId "1137590"]
[BlackFideId "116807"]
[WhiteElo "2188"]
[BlackElo "2489"]
[Result "0-1"]
[Round "04"]
[TimeControl "180+2"]
[Date "2023.04.11"]
[WhiteClock "0:00:31"]
[BlackClock "0:01:15"]

1. e4 c5 2. Nc3 Nc6 3. Bb5 Nd4 4. Nf3 e6 5. O-O a6 6. Bd3 Ne7 7. Nxd4 cxd4 8. Ne2 Nc6 9. f4 Bc5 10. a3 O-O 11. Kh1 Ba7 12. Ng3 Qh4 13. b3 d5 14. e5 f6 15. exf6 Rxf6 16. Qh5 Qxh5 17. Nxh5 Rf7 18. Bb2 Bd7 19. c3 Raf8 20. f5 e5 21. g4 e4 22. Bc2 g6 23. Ng3 gxf5 24. cxd4 f4 25. Nh5 Nxd4 26. Bxd4 Bxd4 27. Rac1 Bxg4 28. Rg1 Bxg1 29. Rxg1 Rg7 30. Nxg7 Bf3+ 31. Rg2 Bxg2+ 32. Kxg2 Kxg7 0-1


[Site "https://www.chess.com"]

[Event "Titled Tuesday Blitz April 11 Early 2023"]
[White "Skvortsov, Andrei"]
[Black "Khandelwal, Ankush"]
[WhiteFideId "24108600"]
[BlackFideId "413470"]
[WhiteElo "2259"]
[BlackElo "2263"]
[Result "1-0"]
[Round "04"]
[TimeControl "180+2"]
[Date "2023.04.11"]
[WhiteClock "0:02:12"]
[BlackClock "0:01:10"]

1. e4 c5 2. d4 cxd4 3. Qxd4 Nc6 4. Qd3 Nf6 5. Nc3 g6 6. Nf3 Bg7 7. Be2 O-O 8. O-O d6 9. Nd5 Nd7 10. c3 e6 11. Ne3 Nc5 12. Qc2 b6 13. b4 Nxb4 14. cxb4 Bxa1 15. bxc5 dxc5 16. e5 Bb7 17. Ng4 h5 18. Nf6+ Kg7 19. Bg5 Bxe5 20. Nxh5+ gxh5 21. Bxd8 1-0


[Site "https://www.chess.com"]